 Dungeon Crawl Stone Soup version 0.29-a0-997-gf6f7e2dfe7 (webtiles) character file.

Game seed: 17839087853295378175

30 Klosterheim the Shield-Bearer (level 3, 1/1 (31) HPs)
             Began as a Meteoran Fighter on June 7, 2022.
             Tarried too long and was consumed by Zot
             ... on level 1 of the Dungeon on Aug 4, 2022.
             The game lasted 00:04:31 (1174 turns).

Klosterheim the Shield-Bearer (Meteoran Fighter)    Turns: 1174, Time: 00:04:32

HP:   1/1 (31)      AC:  7    Str: 19    XL:     3   Next: 58%
MP:   4/4           EV:  9    Int:  9    God:
Gold: 21            SH:  5    Dex: 14    Spells: 2/2 levels left

rFire   . . .      SeeInvis .   a - +0 long sword
rCold   . . .      Faith    .   c - +0 buckler
rNeg    . . .      Spirit   .   b - +0 scale mail
rPois   .          Reflect  .   (no helmet)
rElec   .          Harm     .   (no cloak)
rCorr   .          Rampage  .   (no gloves)
Will    .....                   (no boots)
Stlth   ..........              (no amulet)
HPRegen 0.01/turn               (no ring)
MPRegen 0.09/turn               (no ring)

@: glowing, extremely drained, bezotted and risking death
A: sense surroundings 1, otherworldly, glowing, explore regen
a: no special abilities


You were on level 1 of the Dungeon.
You visited 1 branch of the dungeon, and saw 1 of its levels.

You collected 21 gold pieces.

Inventory:

Hand Weapons
 a - a +0 long sword (weapon)
Armour
 b - a +0 scale mail (worn)
 c - a +0 buckler (worn)
Scrolls
 g - a scroll of identify {unknown}
 h - a scroll of fog {unknown}
 j - a scroll of immolation {unknown}
 l - a scroll of teleportation {unknown}
 m - a scroll of blinking {unknown}
Potions
 d - a potion of might
 e - a potion of brilliance {unknown}
 f - a potion of haste {unknown}
 i - a potion of berserk rage {unknown}
 k - a potion of degeneration {unknown}


   Skills:
 + Level 3.6 Fighting
 * Level 3.3 Long Blades
 + Level 3.9 Armour
 + Level 4.0 Shields


You had 2 spell levels left.
You didn't know any spells.
Your spell library contained the following spells:

 Spells                   Type           Power      Damage    Failure   Level
 Sandblast                Erth           0%         2d4       83%         1
 Passwall                 Tmut/Erth      0%         N/A       93%         2
 Gell's Gravitas          Tloc           0%         N/A       99%         3
 Stone Arrow              Conj/Erth      0%         3d7       99%         3
 Teleport Other           Tloc           0%         N/A       99%         3
 Dispersal                Tloc           0%         N/A       100%        6


Dungeon Overview and Level Annotations

Branches:
Dungeon (1/15) Zot: 0! You are so drained that the power of Zot will kill you!

Altars:


Innate Abilities, Weirdness & Mutations

You passively map a small area around you.
You are easily found by Zot.
You glow in the dark.
You regain HP and MP as you explore.


Message History

Really rest while Zot is near?
Okay, then.
You see here a frilled lizard corpse.
You see here a frilled lizard corpse.
You see here a frilled lizard corpse.
Zot has nearly found you.
Suffering is approaching.
Descend or flee this branch!
You see here a frilled lizard corpse.
You see here a frilled lizard corpse.
Zot's power touches on you...
You feel drained.
You start waiting.
You have lingered too long.
Zot senses you.
Dive deeper or flee this branch before you suffer!
Really rest while Zot is near?
You start waiting.
Zot draws nearer.
Dive deeper or flee this branch before you suffer!
Really rest while Zot is near?
You start waiting.
Zot has nearly found you.
Suffering is approaching.
Descend or flee this branch!
Zot's power touches on you...
You feel drained.
You start waiting.
You have lingered too long.
Zot senses you.
Dive deeper or flee this branch before you suffer!
Really rest while Zot is near?
You start waiting.
Zot draws nearer.
Dive deeper or flee this branch before you suffer!
Really rest while Zot is near?
You start waiting.
Zot has nearly found you.
Suffering is approaching.
Descend or flee this branch!
Zot's power touches on you...
You feel drained.
You start waiting.
You have lingered too long.
Zot senses you.
Dive deeper or flee this branch before you perish!
Really rest while Zot is near?
You start waiting.
Zot draws nearer.
Dive deeper or flee this branch before you perish!
Really rest while Zot is near?
You start waiting.
Zot has nearly found you.
Death is approaching.
Descend or flee this branch!
Zot has found you!
You die...

##
..#######################
,*...............##......#
#.............##.....># .
#.............##......#
#.##......@$.....##......#
,.#...............##......#
.............######......##
*
###........................
,
....................#†###..
#####.....[...........###..
#..#.....##........##..
#........##........##..
##..#.#.###........##..


There were no monsters in sight!

Vanquished Creatures
  A dart slug (D:1)
  5 ball pythons (D:1)
  4 endoplasms (D:1)
  4 goblins (D:1)
  A hobgoblin (D:1)
  6 kobolds (D:1)
  A quokka (D:1)
  2 bats (D:1)
  2 frilled lizards (D:1)
26 creatures vanquished.

Notes
Turn   | Place    | Note
-------+----------+-------------------------------------------
     0 | D:1      | Klosterheim the Meteoran Fighter began the quest for the
                  | Orb.
     0 | D:1      | Reached XP level 1. HP: 19/19 MP: 2/2
     0 | D:1      | Upgraded the game from 0.29-a0-555-g3b24f45cc1 to
                  | 0.29-a0-997-gf6f7e2dfe7
    80 | D:1      | Reached XP level 2. HP: 17/26 MP: 3/3
   210 | D:1      | Reached XP level 3. HP: 28/31 MP: 4/4
   223 | D:1      | Found a faded altar of an unknown god.
   471 | D:1      | Reached skill level 4 in Shields
   475 | D:1      | Glimpsed the power of Zot.
   525 | D:1      | Glimpsed the power of Zot.
   564 | D:1      | Glimpsed the power of Zot.
   574 | D:1      | Touched by the power of Zot.
   675 | D:1      | Glimpsed the power of Zot.
   725 | D:1      | Glimpsed the power of Zot.
   765 | D:1      | Glimpsed the power of Zot.
   774 | D:1      | Touched by the power of Zot.
   875 | D:1      | Glimpsed the power of Zot.
   925 | D:1      | Glimpsed the power of Zot.
   965 | D:1      | Glimpsed the power of Zot.
   974 | D:1      | Touched by the power of Zot.
  1075 | D:1      | Glimpsed the power of Zot.
  1125 | D:1      | Glimpsed the power of Zot.
  1165 | D:1      | Glimpsed the power of Zot.
  1174 | D:1      | Tarried too long and was consumed by Zot

Illustrated notes

Levels and vault maps discovered:
D:1:      dpeg_arrival_round_a, layout_basic, serial_curves, eino_curves_02,
          eino_curves_03, chequers_ecumenical_altar_island,
          dreamdust_mushroom_princess, grunt_decor_one_mirror, st_stairs_1,
          chequers_serial_rivers_small_b

Skill      XL: |  1  2  3 |
---------------+----------+-----
Long Blades    | 3 |  3.3
Shields        | 4 |  4.0
Fighting       | |  3.6
Armour         | |  3.9

Action                   || total
-------------------------++-------
Melee: Long sword        ||    75
Armor: Scale mail        ||    71
Dodge: Dodged            ||    51
Block: Buckler           ||    21

Table legend: (Time is in decaauts)
 A = Elapsed time spent in this place.
 B = Non-inter-level travel time spent in this place.
 C = Inter-level travel time spent in this place.
 D = Time resting spent in this place.
 E = Time spent auto-exploring this place.
 F = Levels seen in this place.
 G = Mean time per level.
                   A        B        C        D        E       F      G
               +--------+--------+--------+--------+--------+-----+--------+
         Total |   1199 |   1199 |      0 |    622 |    270 |   1 | 1199.0 |
       Dungeon |   1199 |   1199 |      0 |    622 |    270 |   1 | 1199.0 |
               +--------+--------+--------+--------+--------+-----+--------+

Top non-repeatable levels by time:
     D:1: 1199 daAuts
